[Event "Titled Tuesday Blitz July 11 Late 2023"]
[White "Milovic, Aleksandra"]
[Black "Keleberda, Tymur"]
[WhiteFideId "933988"]
[BlackFideId "14174294"]
[WhiteElo "2029"]
[BlackElo "2528"]
[Result "0-1"]
[Round "1"]
[TimeControl "180+2"]
[Date "2023.07.11"]
[WhiteClock "0:01:16"]
[BlackClock "0:01:31"]
[Board "185"]

1. d4 Nf6 2. c4 e6 3. Nf3 b6 4. g3 Bb7 5. Bg2 Be7 6. O-O O-O 7. Nc3 Ne4 8. Qc2 Nxc3 9. Qxc3 c5 10. Be3 Bf6 11. Rfd1 Nc6 12. Qc2 cxd4 13. Nxd4 Nxd4 14. Bxd4 Bxg2 15. Kxg2 Be7 16. Be5 Qc8 17. Bd6 Qc6+ 0-1


[Site "https://www.chess.com"]

[Event "Titled Tuesday Blitz July 11 Late 2023"]
[White "FoxOnTheRun97"]
[Black "Blackwhite017"]
[WhiteElo "2528"]
[BlackElo "2009"]
[Result "1-0"]
[Round "1"]
[TimeControl "180+2"]
[Date "2023.07.11"]
[WhiteClock "0:00:31"]
[BlackClock "0:00:00"]
[Board "186"]

1. d4 d5 2. Nf3 c6 3. g3 g6 4. Bg2 Bg7 5. O-O Nf6 6. Bf4 Bg4 7. Ne5 Nbd7 8. Nxg4 Nxg4 9. h3 Ngf6 10. c3 O-O 11. Nd2 Re8 12. Nf3 e6 13. Ne5 Nxe5 14. Bxe5 Nd7 15. Bxg7 Kxg7 16. e4 Rc8 17. exd5 cxd5 18. Re1 b5 19. Qb3 Qb6 20. Re3 Rc7 21. Bxd5 Rec8 22. Bg2 a5 23. Rae1 b4 24. cxb4 Qxd4 25. bxa5 Rc2 26. Qd3 Qxb2 27. Qxd7 Rxf2 28. Bf1 Rcc2 29. R3e2 Rcxe2 30. Rxe2 Rxe2 31. Bxe2 Qxe2 32. Qd4+ e5 33. Qc3 f6 34. a3 Qd1+ 35. Kf2 Qa4 36. Qb4 Qc2+ 37. Ke3 Qc1+ 38. Kd3 Qd1+ 39. Kc4 1-0


[Site "https://www.chess.com"]

[Event "Titled Tuesday Blitz July 11 Late 2023"]
[White "Curtis, John"]
[Black "Ismagilov, Damir"]
[WhiteFideId "3200256"]
[BlackFideId "34199982"]
[WhiteElo "1984"]
[BlackElo "2528"]
[Result "0-1"]
[Round "1"]
[TimeControl "180+2"]
[Date "2023.07.11"]
[WhiteClock "0:00:29"]
[BlackClock "0:01:09"]
[Board "187"]

1. d4 c5 2. c3 cxd4 3. cxd4 d5 4. Nc3 Nc6 5. Nf3 Nf6 6. g3 Bf5 7. Bg2 h6 8. O-O e6 9. Bf4 Bd6 10. Bxd6 Qxd6 11. Rc1 O-O 12. Qd2 a6 13. Qf4 Qb4 14. b3 Rac8 15. h3 Ne4 16. Qe3 Rc7 17. Nxe4 Bxe4 18. Qd2 Rfc8 19. Qxb4 Nxb4 20. Rxc7 Rxc7 21. Ra1 Rc2 22. a3 Nc6 23. e3 Rb2 24. b4 f6 25. Ne1 Bxg2 26. Kxg2 Rb3 27. Ra2 Kf7 28. Nc2 Ke7 29. Kf3 Na7 30. Ke2 Nb5 31. Kd2 Nd6 32. a4 Ne4+ 33. Ke2 Nc3+ 34. Ke1 Nxa2 0-1


[Site "https://www.chess.com"]

[Event "Titled Tuesday Blitz July 11 Late 2023"]
[White "Michalczak, Thomas"]
[Black "Upper, John"]
[WhiteFideId "4622634"]
[BlackFideId "2606437"]
[WhiteElo "2527"]
[BlackElo "1981"]
[Result "1-0"]
[Round "1"]
[TimeControl "180+2"]
[Date "2023.07.11"]
[WhiteClock "0:00:23"]
[BlackClock "0:00:04"]
[Board "188"]

1. e4 c5 2. c3 e6 3. Nf3 d5 4. exd5 exd5 5. Bb5+ Nc6 6. Ne5 Qb6 7. Na3 Bd6 8. Qe2 Ne7 9. O-O O-O 10. Nxc6 bxc6 11. Bd3 a5 12. Re1 Ba6 13. Bxa6 Qxa6 14. Qxa6 Rxa6 15. d3 Rb8 16. b3 a4 17. bxa4 Rxa4 18. Nc2 Ng6 19. g3 h6 20. f4 h5 21. h4 Ne7 22. Kf2 Nf5 23. Re2 g6 24. Ne3 Nxg3 25. Kxg3 Rxf4 26. Kh3 Rf3+ 27. Kg2 Rf4 28. Nc2 Rxh4 29. Be3 Rh2+ 30. Kf3 Rh3+ 31. Kg2 Rg3+ 32. Kf2 Rb2 33. Ne1 Rh3 34. Rxb2 1-0


[Site "https://www.chess.com"]

[Event "Titled Tuesday Blitz July 11 Late 2023"]
[White "Cruz Gomez, Miguel Angel"]
[Black "Poltorak, Sebastian"]
[WhiteFideId "5137160"]
[BlackFideId "1199498"]
[WhiteElo "1975"]
[BlackElo "2526"]
[Result "0-1"]
[Round "1"]
[TimeControl "180+2"]
[Date "2023.07.11"]
[WhiteClock "0:00:17"]
[BlackClock "0:01:06"]
[Board "189"]

1. Nf3 f6 2. d4 e6 3. c4 Bb4+ 4. Bd2 Bxd2+ 5. Nbxd2 Ne7 6. e3 O-O 7. Bd3 c5 8. O-O cxd4 9. exd4 d5 10. c5 Nbc6 11. Re1 Qc7 12. a3 h6 13. Qe2 Bd7 14. Rac1 Rae8 15. Bb1 Nf5 16. Bxf5 exf5 17. Qd3 a6 18. Rxe8 Rxe8 19. Re1 Rxe1+ 20. Nxe1 Qf4 21. Nef3 g5 22. Qe3 Qb8 23. b4 Qc8 24. Nb3 f4 25. Qe1 Bf5 26. Nfd2 Kf7 27. f3 Bd3 28. Kf2 Qf5 29. Kg1 Bc2 30. Kf2 Bxb3 31. Nxb3 Qd3 32. Na5 Qxd4+ 33. Kf1 0-1


[Site "https://www.chess.com"]

[Event "Titled Tuesday Blitz July 11 Late 2023"]
[White "Haszon, David"]
[Black "gordonzyxu"]
[WhiteFideId "733610"]
[WhiteElo "2524"]
[BlackElo "1900"]
[Result "0-1"]
[Round "1"]
[TimeControl "180+2"]
[Date "2023.07.11"]
[WhiteClock "0:00:09"]
[BlackClock "0:00:13"]
[Board "190"]

1. d4 Nf6 2. Bf4 c5 3. e3 Qb6 4. Na3 Qxb2 5. Nb5 Qb4+ 6. c3 Qa5 7. Nc7+ Kd8 8. Qb3 cxd4 9. exd4 Nc6 10. Nxa8 Nxd4 11. Bc7+ Qxc7 12. Nxc7 Nxb3 13. axb3 Kxc7 14. Rxa7 e6 15. Nf3 Ne4 16. Ra4 Nc5 17. Rf4 f5 18. b4 Ne4 19. Nd2 g5 20. Rf3 Nd6 21. Nc4 Bg7 22. Nxd6 Kxd6 23. Be2 b6 24. Rd3+ Kc7 25. O-O Ba6 26. Re3 Bb7 27. Rc1 Ra8 28. c4 Kd8 29. Bf3 Bxf3 30. Rxf3 Ra4 31. Rb3 Bf8 32. Rcb1 Kc7 33. g3 e5 34. Kg2 f4 35. g4 e4 36. h4 h6 37. h5 Kc6 38. Kf1 d5 39. cxd5+ Kxd5 40. b5 Rd4 41. Ke1 Bc5 42. R3b2 Rd3 43. Rd2 Rxd2 44. Kxd2 Bxf2 45. Ke2 Bc5 46. Rd1+ Bd4 47. Rc1 f3+ 48. Kd2 Bc5 49. Kc3 e3 50. Kd3 e2 51. Ra1 Bb4 52. Ke3 e1=Q+ 53. Rxe1 Bxe1 54. Kxf3 Bc3 55. Ke2 Kc5 56. Kd3 Be5 57. Ke4 Bf4 58. Kf5 Kxb5 59. Kg6 Kc4 60. Kxh6 b5 61. Kg6 b4 62. h6 b3 63. Kf5 Bd2 64. h7 Bc3 65. Kxg5 b2 66. Kh6 b1=Q 67. g5 Qb6+ 68. g6 Qf6 69. Kh5 Bd2 0-1


[Site "https://www.chess.com"]

[Event "Titled Tuesday Blitz July 11 Late 2023"]
[White "Filgueiras, Nathan Felipe"]
[Black "Kalogeris, Ioannis"]
[WhiteFideId "2188562"]
[BlackFideId "4239563"]
[WhiteElo "1897"]
[BlackElo "2523"]
[Result "0-1"]
[Round "1"]
[TimeControl "180+2"]
[Date "2023.07.11"]
[WhiteClock "0:00:15"]
[BlackClock "0:00:40"]
[Board "191"]

1. e4 e5 2. Nf3 Nc6 3. Bc4 Bc5 4. O-O Nf6 5. d4 Bxd4 6. Nxd4 Nxd4 7. Bg5 h6 8. Bh4 g5 9. f4 d6 10. fxg5 Bg4 11. Bxf7+ Kf8 12. Qd2 Nxe4 13. Bd5+ Nf3+ 14. Rxf3+ Bxf3 15. Qe3 Bxg2 16. Kxg2 Nxg5 17. Nc3 c6 18. Rf1+ Ke8 19. Be6 Qe7 20. Bg4 Kd8 21. Ne4 Rg8 22. Rd1 d5 23. Ng3 Kc7 24. Nf5 Qf6 25. Ng3 Raf8 26. Rf1 Qd6 27. Rf3 Nxf3 28. Bxf3 e4 29. Bg4 Rxg4 0-1


[Site "https://www.chess.com"]

[Event "Titled Tuesday Blitz July 11 Late 2023"]
[White "feuervogel1000000"]
[Black "Burke, Paul"]
[BlackFideId "2605767"]
[WhiteElo "2522"]
[BlackElo "1893"]
[Result "1-0"]
[Round "1"]
[TimeControl "180+2"]
[Date "2023.07.11"]
[WhiteClock "0:02:15"]
[BlackClock "0:00:08"]
[Board "192"]

1. d4 a6 2. c4 d6 3. Nc3 g6 4. e4 h6 5. Be3 Nd7 6. Nf3 Bg7 7. Bd3 e5 8. d5 Ne7 9. g4 Nf6 10. h3 O-O 11. Qd2 g5 12. O-O-O Bd7 13. Kb1 b5 14. c5 b4 15. Ne2 dxc5 16. Bxc5 a5 17. Rc1 Re8 18. Ng3 Nc8 19. Nf5 Bxf5 20. gxf5 Nd6 21. Bxd6 cxd6 22. Rc6 Nh5 23. Rhc1 Nf4 24. Bf1 Rb8 25. Qe3 a4 26. Qa7 Qf6 27. Qxa4 Nxd5 28. Rd1 Nc3+ 29. bxc3 bxc3+ 30. Ka1 Ra8 31. Qc2 Qd8 32. Rdxd6 Qa5 33. f6 Bf8 34. Rd5 Qb4 35. Rb5 Qa3 36. Rb3 Qa5 37. Rcxc3 Bb4 38. Rc4 Reb8 39. Bd3 Kh7 40. Rc7 Kg8 41. Bc4 Ba3 42. Bxf7+ Kh8 43. Rxb8+ Rxb8 44. Rc8+ Kh7 45. Rxb8 1-0


[Site "https://www.chess.com"]

[Event "Titled Tuesday Blitz July 11 Late 2023"]
[White "Geske, Bruna"]
[Black "Sebag, Marie"]
[WhiteFideId "4701100"]
[BlackFideId "617822"]
[WhiteElo "1888"]
[BlackElo "2520"]
[Result "0-1"]
[Round "1"]
[TimeControl "180+2"]
[Date "2023.07.11"]
[WhiteClock "0:00:00"]
[BlackClock "0:00:59"]
[Board "193"]

1. e4 c5 2. Nf3 Nc6 3. Bb5 g6 4. c3 Nf6 5. Qe2 Bg7 6. O-O O-O 7. h3 d5 8. e5 Nd7 9. d4 e6 10. Bg5 Qb6 11. Be3 c4 12. Bg5 Qxb5 13. Na3 Qb6 14. Rab1 a6 15. h4 h6 16. Bf4 Qd8 17. Qd2 Kh7 18. h5 b5 19. g4 gxh5 20. Kg2 f6 21. Rh1 fxe5 22. Nxe5 Ndxe5 23. Rxh5 Nxg4 24. f3 Qf6 25. Qc2+ Kg8 26. Be5 Ne3+ 0-1


[Site "https://www.chess.com"]

[Event "Titled Tuesday Blitz July 11 Late 2023"]
[White "Yeritsyan, Hayk"]
[Black "Gyulamiryan-koryun"]
[WhiteFideId "13307320"]
[WhiteElo "2519"]
[BlackElo "1858"]
[Result "1-0"]
[Round "1"]
[TimeControl "180+2"]
[Date "2023.07.11"]
[WhiteClock "0:01:15"]
[BlackClock "0:00:00"]
[Board "194"]

1. d4 Nf6 2. Nf3 g6 3. Bf4 Bg7 4. h3 O-O 5. e3 d6 6. c3 Nbd7 7. Be2 Re8 8. O-O e5 9. dxe5 dxe5 10. Nxe5 Nxe5 11. Qxd8 Rxd8 12. Bxe5 c6 13. Na3 b5 14. Nc2 Ne4 15. Bxg7 Kxg7 16. Rfd1 Bf5 17. Nd4 Bd7 18. Bf3 f5 19. Bxe4 fxe4 20. Nb3 Be6 21. Rd4 Bd5 22. Rad1 Kf6 23. Nd2 Re8 24. b3 a5 25. c4 bxc4 26. bxc4 Bf7 27. Nxe4+ Ke5 28. f4+ Kf5 29. Nd6+ Ke6 30. Nxe8 Bxe8 31. c5 a4 32. Rd8 Rxd8 33. Rxd8 Bf7 34. a3 h5 35. g4 hxg4 36. hxg4 Kf6 37. Rd6+ Kg7 38. Rxc6 Bd5 39. Rd6 Bf3 40. f5 g5 41. Rg6+ Kf7 42. Rxg5 Kf6 43. Rg6+ Ke5 44. Re6+ Kd5 45. g5 Kxc5 46. e4 Bg4 47. g6 Bh5 48. g7 Bf7 49. Rf6 Bb3 50. Rf8 Kd4 51. g8=Q Bxg8 52. Rxg8 Kxe4 53. f6 1-0


[Site "https://www.chess.com"]

[Event "Titled Tuesday Blitz July 11 Late 2023"]
[White "Navyblue1"]
[Black "ArchibaldCerveza29"]
[WhiteElo "1807"]
[BlackElo "2517"]
[Result "0-1"]
[Round "1"]
[TimeControl "180+2"]
[Date "2023.07.11"]
[WhiteClock "0:00:33"]
[BlackClock "0:01:25"]
[Board "195"]

1. d4 d5 2. c4 e6 3. cxd5 exd5 4. Nc3 Nf6 5. Bg5 c6 6. Qc2 h6 7. Bh4 Bd6 8. e3 O-O 9. Bd3 Re8 10. Nge2 a5 11. h3 Na6 12. a3 Nc7 13. O-O Ne6 14. e4 dxe4 15. Nxe4 Be7 16. Rad1 Nxe4 17. Bxe7 Qxe7 18. Bxe4 Ng5 19. Ng3 Nxe4 20. Rfe1 f5 21. f3 Qh4 22. fxe4 Qxg3 23. e5 Be6 24. Qc3 Qg5 25. Qe3 f4 26. Qc3 Bd5 0-1


[Site "https://www.chess.com"]

[Event "Titled Tuesday Blitz July 11 Late 2023"]
[White "Carlsen, Magnus"]
[Black "Fiorito, Joaquin"]
[WhiteFideId "1503014"]
[BlackFideId "180173"]
[WhiteElo "3284"]
[BlackElo "2618"]
[Result "1-0"]
[Round "2"]
[TimeControl "180+2"]
[Date "2023.07.11"]
[WhiteClock "0:00:08"]
[BlackClock "0:00:03"]
[Board "1"]

1. b3 d5 2. Bb2 c5 3. e4 dxe4 4. Nc3 Nf6 5. f3 exf3 6. Bb5+ Bd7 7. Nxf3 a6 8. Bc4 e6 9. Qe2 Be7 10. O-O-O b5 11. Bd3 Nc6 12. Ne4 Nxe4 13. Bxe4 Bf6 14. d4 Qe7 15. d5 Bxb2+ 16. Kxb2 exd5 17. Rxd5 O-O-O 18. Re1 Rhe8 19. Qf2 f5 20. Bd3 Qf6+ 21. c3 Rxe1 22. Nxe1 g6 23. Rxc5 Be8 24. Bc2 Qd6 25. Nd3 Kb8 26. b4 Rc8 27. h4 Ne7 28. Rxc8+ Nxc8 29. Nc5 Bf7 30. g4 Be6 31. Nxe6 Qxe6 32. gxf5 gxf5 33. Qxf5 Qe2 34. Qd3 Qe5 35. Qxh7 Nd6 36. Bd3 Qh2+ 37. Kb3 Qe5 38. Qg8+ Kc7 39. Qg5 Qe6+ 40. Kb2 Qf7 41. Qc5+ Kd7 42. Qa7+ Ke6 43. Qxf7+ Nxf7 44. c4 Ne5 45. Kc3 bxc4 46. Bxc4+ Kf6 47. Bxa6 1-0


[Site "https://www.chess.com"]

[Event "Titled Tuesday Blitz July 11 Late 2023"]
[White "Weishaeutel, Moritz"]
[Black "Nakamura, Hikaru"]
[WhiteFideId "12967300"]
[BlackFideId "2016192"]
[WhiteElo "2613"]
[BlackElo "3241"]
[Result "0-1"]
[Round "2"]
[TimeControl "180+2"]
[Date "2023.07.11"]
[WhiteClock "0:00:16"]
[BlackClock "0:01:14"]
[Board "2"]

1. e4 a6 2. Bc4 e6 3. d4 b5 4. Bd3 c5 5. d5 Nf6 6. dxe6 dxe6 7. e5 c4 8. exf6 cxd3 9. fxg7 Bxg7 10. Qxd3 Qxd3 11. cxd3 Bb7 12. f3 Nc6 13. Nc3 Rd8 14. Nge2 Nb4 15. O-O Nxd3 16. Rd1 b4 17. Ne4 O-O 18. Bg5 f6 19. Be3 Bxe4 20. fxe4 Nxb2 21. Rxd8 Rxd8 22. Rb1 Nc4 23. Kf2 a5 24. Nd4 Nxe3 25. Nxe6 Rd3 26. Rc1 Rc3 27. Rxc3 Nd1+ 0-1


[Site "https://www.chess.com"]

[Event "Titled Tuesday Blitz July 11 Late 2023"]
[White "Caruana, Fabiano"]
[Black "Ambartsumova, Karina"]
[WhiteFideId "2020009"]
[BlackFideId "4166299"]
[WhiteElo "3120"]
[BlackElo "2613"]
[Result "1-0"]
[Round "2"]
[TimeControl "180+2"]
[Date "2023.07.11"]
[WhiteClock "0:00:02"]
[BlackClock "0:00:00"]
[Board "3"]

1. d4 d6 2. Nf3 g6 3. c4 Bg7 4. Nc3 e5 5. e4 Bg4 6. d5 a5 7. Be2 Na6 8. O-O Nc5 9. Ne1 Bxe2 10. Qxe2 Ne7 11. Nd3 O-O 12. Nxc5 dxc5 13. Be3 b6 14. b3 Nc8 15. a3 Nd6 16. f3 Bf6 17. g3 Qe7 18. Kg2 h5 19. Nd1 Kg7 20. Nb2 Rh8 21. h3 h4 22. g4 Bg5 23. Bf2 Rhf8 24. Nd3 Rae8 25. Rfe1 f5 26. exf5 gxf5 27. Qxe5+ Qxe5 28. Rxe5 Bf6 29. Rxe8 Rxe8 30. Rc1 Re2 31. a4 Rd2 32. Nf4 fxg4 33. hxg4 Kf7 34. Re1 Rb2 35. Ne6 h3+ 36. Kg3 Rxf2 37. g5 Rg2+ 38. Kxh3 Rxg5 39. Nxg5+ Bxg5 40. Kg4 Bf6 41. Rh1 Kg6 42. f4 Nf5 43. Re1 Nd4 44. Re3 Nc2 45. Re8 Nd4 46. Rc8 Nxb3 47. Rxc7 Nd2 48. d6 Nxc4 49. d7 Nb2 50. Rc6 c4 51. d8=Q 1-0


[Site "https://www.chess.com"]

[Event "Titled Tuesday Blitz July 11 Late 2023"]
[White "Piesik, Piotr"]
[Black "Nepomniachtchi, Ian"]
[WhiteFideId "1136194"]
[BlackFideId "4168119"]
[WhiteElo "2607"]
[BlackElo "3113"]
[Result "0-1"]
[Round "2"]
[TimeControl "180+2"]
[Date "2023.07.11"]
[WhiteClock "0:01:18"]
[BlackClock "0:02:38"]
[Board "4"]

1. Nf3 g6 2. d4 Bg7 3. g3 f5 4. Bg2 Nf6 5. O-O O-O 6. c3 a5 7. Nbd2 Nc6 8. Qc2 d5 9. Ne1 Ne4 10. Ndf3 e5 11. dxe5 Nxe5 12. Nxe5 Bxe5 13. Bh6 Re8 14. Rd1 c6 15. c4 Be6 16. Nd3 Bf6 17. Nf4 Bf7 18. cxd5 cxd5 19. Rd3 Rc8 20. Qb1 g5 21. Nxd5 Bxd5 22. Rfd1 Qb6 23. Rxd5 Nxf2 24. Kf1 Ng4 0-1


[Site "https://www.chess.com"]

[Event "Titled Tuesday Blitz July 11 Late 2023"]
[White "Erigaisi Arjun"]
[Black "Ganiev, Roman"]
[WhiteFideId "35009192"]
[BlackFideId "4131452"]
[WhiteElo "3096"]
[BlackElo "2605"]
[Result "1-0"]
[Round "2"]
[TimeControl "180+2"]
[Date "2023.07.11"]
[WhiteClock "0:01:39"]
[BlackClock "0:00:02"]
[Board "5"]

1. c4 e5 2. Nc3 Nc6 3. Nf3 Nf6 4. d3 Bb4 5. Bd2 O-O 6. e3 d5 7. cxd5 Nxd5 8. Qc2 Re8 9. Be2 Be6 10. O-O Qd7 11. Ng5 Rad8 12. Nxe6 Qxe6 13. Nxd5 Qxd5 14. Bf3 Qc5 15. Qxc5 Bxc5 16. Be4 Bb6 17. Rfc1 Rd6 18. Kf1 g6 19. g4 Red8 20. Ke2 R8d7 21. b4 Ne7 22. g5 c6 23. a4 Nd5 24. b5 cxb5 25. axb5 Rd8 26. h4 R6d7 27. Ra3 Rc7 28. Rc4 Rcd7 29. Bf3 Nc7 30. Rb3 Ne6 31. Bg4 Rd6 32. Bb4 Rd5 33. Be7 Re8 34. Bxe6 fxe6 35. Bf6 Kf7 36. e4 Rd4 37. Bxe5 Rxc4 38. dxc4 Rc8 39. Rc3 Bc5 40. Rd3 Ke7 41. f4 a5 42. bxa6 bxa6 43. h5 a5 44. hxg6 hxg6 45. Rh3 Kd7 46. Rh7+ Kc6 47. Rg7 a4 48. Rxg6 Re8 49. f5 a3 50. Rxe6+ Rxe6 51. fxe6 a2 52. g6 Bd6 53. Ba1 Bf8 54. e7 Bxe7 55. g7 Bf6 56. Bxf6 1-0


[Site "https://www.chess.com"]

[Event "Titled Tuesday Blitz July 11 Late 2023"]
[White "Chen, Justin"]
[Black "Firouzja, Alireza"]
[WhiteFideId "2098199"]
[BlackFideId "12573981"]
[WhiteElo "2604"]
[BlackElo "3086"]
[Result "0-1"]
[Round "2"]
[TimeControl "180+2"]
[Date "2023.07.11"]
[WhiteClock "0:00:00"]
[BlackClock "0:00:42"]
[Board "6"]

1. e4 c5 2. Nf3 d6 3. d4 cxd4 4. Nxd4 Nf6 5. Nc3 a6 6. Be3 e5 7. Nb3 Be6 8. f3 h5 9. Qd2 Nbd7 10. O-O-O b5 11. Nd5 Nxd5 12. exd5 Bf5 13. Bd3 Bxd3 14. Qxd3 Be7 15. Kb1 Rc8 16. Bd2 Bg5 17. Na5 Nc5 18. Qe2 Bxd2 19. Qxd2 O-O 20. h4 Re8 21. g4 hxg4 22. fxg4 e4 23. Nc6 e3 24. Qe2 Qd7 25. Rh3 Re4 26. Rxe3 Rce8 27. Rxe4 Rxe4 28. Qh2 Qxg4 29. Rg1 Re2 30. Qh1 Qc4 31. Rc1 Ne4 32. Ka1 Rxc2 33. Rxc2 Qxc2 34. h5 Nf2 35. Qb1 Qe2 36. a3 Nd3 0-1


[Site "https://www.chess.com"]

[Event "Titled Tuesday Blitz July 11 Late 2023"]
[White "Hong, Andrew"]
[Black "Zavgorodniy, Sergiy"]
[WhiteFideId "2099438"]
[BlackFideId "14110148"]
[WhiteElo "3083"]
[BlackElo "2594"]
[Result "1-0"]
[Round "2"]
[TimeControl "180+2"]
[Date "2023.07.11"]
[WhiteClock "0:00:31"]
[BlackClock "0:00:00"]
[Board "7"]

1. d4 d5 2. c4 dxc4 3. Nf3 Nf6 4. e3 e6 5. Bxc4 a6 6. O-O b5 7. Bd3 Bb7 8. a4 b4 9. Nbd2 Nbd7 10. e4 c5 11. e5 Nd5 12. Nb3 cxd4 13. Re1 Nc5 14. Nxc5 Bxc5 15. Ng5 Be7 16. Ne4 O-O 17. Qh5 g6 18. Qh6 f6 19. exf6 Bxf6 20. Nc5 Bc8 21. Nxe6 Bxe6 22. Rxe6 Qd7 23. Re1 Rae8 24. Bd2 Bg7 25. Qg5 Kh8 26. Rxe8 Rxe8 27. Bxa6 Nc3 28. Bd3 Re5 29. Qh4 Ne2+ 30. Kf1 Qe8 31. Re1 Nc3 32. Rxe5 Bxe5 33. a5 Bg7 34. a6 Nd5 35. Qe4 Qa8 36. h4 Bf6 37. h5 Qxa6 38. Bxa6 1-0


[Site "https://www.chess.com"]

[Event "Titled Tuesday Blitz July 11 Late 2023"]
[White "Salazar Farias, Luis German"]
[Black "Fedoseev, Vladimir"]
[WhiteFideId "3902170"]
[BlackFideId "24130737"]
[WhiteElo "2594"]
[BlackElo "3073"]
[Result "0-1"]
[Round "2"]
[TimeControl "180+2"]
[Date "2023.07.11"]
[WhiteClock "0:00:00"]
[BlackClock "0:00:15"]
[Board "8"]

1. d4 Nf6 2. c4 e6 3. Nf3 b6 4. g3 Ba6 5. Qc2 Bb7 6. Bg2 Bb4+ 7. Bd2 c5 8. O-O O-O 9. Bxb4 cxb4 10. a3 bxa3 11. Nxa3 Nc6 12. Nb5 d5 13. Rfd1 a6 14. cxd5 Nb4 15. Qb3 Nbxd5 16. Nc3 b5 17. Ne5 Nxc3 18. Qxc3 Bxg2 19. Kxg2 Qd5+ 20. Qf3 Ne4 21. Rac1 f6 22. Nc6 Rf7 23. Nb4 Qb7 24. d5 Ng5 25. Qd3 Rd7 26. h4 Nf7 27. e4 Ne5 28. Qb3 Nc4 29. Nc6 Re8 30. Kg1 h5 31. Qf3 exd5 32. Qxh5 Rxe4 33. Nd4 Nxb2 34. Re1 Rde7 35. Rxe4 Rxe4 36. Nf5 Nc4 37. Qg6 Kf8 38. h5 Qf7 39. Qh7 Re5 40. Nh4 Qxh5 41. Ng6+ Kf7 42. Nxe5+ Qxe5 43. Qd3 a5 44. Rd1 Nb2 45. Qc2 Nxd1 46. Qxd1 b4 47. Qc1 Qc3 48. Qd1 Qc4 49. Qh5+ Ke7 50. Qg6 b3 51. Qxg7+ Ke6 52. Qg8+ Ke5 53. Qe8+ Kd6 54. Qf8+ Kc7 55. Qe7+ Kb6 56. Qd8+ Kb5 57. Qd7+ Kb4 58. Qd6+ Ka4 59. Qxf6 Qc1+ 60. Kg2 b2 0-1


[Site "https://www.chess.com"]

[Event "Titled Tuesday Blitz July 11 Late 2023"]
[White "Duda, Jan-Krzysztof"]
[Black "NLLO777"]
[WhiteFideId "1170546"]
[WhiteElo "3057"]
[BlackElo "2588"]
[Result "1-0"]
[Round "2"]
[TimeControl "180+2"]
[Date "2023.07.11"]
[WhiteClock "0:00:51"]
[BlackClock "0:00:02"]
[Board "9"]

1. c4 Nf6 2. d4 e6 3. Nf3 d5 4. g3 Be7 5. Bg2 O-O 6. Nbd2 c6 7. O-O b6 8. b3 Nbd7 9. Bb2 Bb7 10. Rc1 Rc8 11. e3 Rc7 12. Qe2 Qb8 13. Ne5 Nxe5 14. dxe5 Nd7 15. e4 dxc4 16. Nxc4 Rd8 17. f4 c5 18. f5 Bg5 19. Rcd1 Nf8 20. Nd6 Rcd7 21. h4 Bh6 22. g4 exf5 23. g5 Bxg5 24. hxg5 fxe4 25. Rf5 Ne6 26. Rdf1 Rf8 27. Qg4 Bd5 28. Nxe4 Bxe4 29. Bxe4 Qd8 30. Bc1 Rd4 31. Be3 Rd7 32. Rxf7 Rdxf7 33. Qxe6 Qd7 34. Bd5 Qxe6 35. Bxe6 g6 36. b4 cxb4 37. Bd4 a5 38. Bxb6 Kg7 39. Rxf7+ Rxf7 40. Bxf7 Kxf7 41. Bxa5 Ke6 42. Bxb4 Kxe5 43. a4 Kd5 44. a5 Kc6 45. Bd2 Kb5 46. Kf2 Ka6 47. Ke3 h6 48. gxh6 1-0


[Site "https://www.chess.com"]

[Event "Titled Tuesday Blitz July 11 Late 2023"]
[White "Grinev, Valeriy"]
[Black "Bluebaum, Matthias"]
[WhiteFideId "14117517"]
[BlackFideId "24651516"]
[WhiteElo "2586"]
[BlackElo "3053"]
[Result "1/2-1/2"]
[Round "2"]
[TimeControl "180+2"]
[Date "2023.07.11"]
[WhiteClock "0:02:11"]
[BlackClock "0:01:41"]
[Board "10"]

1. d4 d5 2. c4 e6 3. Nc3 Bb4 4. cxd5 exd5 5. Bf4 c5 6. e3 c4 7. Be2 Nc6 8. Nf3 Nf6 9. O-O O-O 10. Ne5 Bf5 11. Bf3 Bxc3 12. bxc3 Ne4 13. Bxe4 Bxe4 14. Nxc6 bxc6 15. Qa4 Qb6 16. f3 Bd3 17. Rf2 Rfe8 18. Qa3 a5 19. Rb2 Qd8 20. Re1 Qh4 21. Bg3 Qg5 22. Kf2 Re7 23. Qd6 Rae8 24. Bf4 Qh4+ 25. Bg3 Qg5 26. Bf4 Qh4+ 27. Bg3 Qg5 1/2-1/2


[Site "https://www.chess.com"]

[Event "Titled Tuesday Blitz July 11 Late 2023"]
[White "Janturin, Artur"]
[Black "Martinez Alcantara, Jose Eduardo"]
[WhiteFideId "4130022"]
[BlackFideId "3805662"]
[WhiteElo "2586"]
[BlackElo "3016"]
[Result "0-1"]
[Round "2"]
[TimeControl "180+2"]
[Date "2023.07.11"]
[WhiteClock "0:00:00"]
[BlackClock "0:01:00"]
[Board "11"]

1. e4 c5 2. Nf3 d6 3. d4 cxd4 4. Nxd4 a6 5. Nc3 e6 6. Be2 b5 7. a3 Bb7 8. O-O Nd7 9. f4 Ngf6 10. Bf3 Qc7 11. Kh1 Be7 12. Qe1 O-O 13. Qg3 Kh8 14. Bd2 Rad8 15. Rae1 Nb6 16. b3 g6 17. Qh3 e5 18. Nde2 Nbd7 19. Ng3 exf4 20. Nge2 g5 21. Nd4 Ne5 22. Qh6 Ng8 23. Qh3 Bc8 24. g4 Nf6 0-1


[Site "https://www.chess.com"]

[Event "Titled Tuesday Blitz July 11 Late 2023"]
[White "Paravyan, David"]
[Black "Leon Oquendo, Jorge"]
[WhiteFideId "4194985"]
[BlackFideId "3514803"]
[WhiteElo "3014"]
[BlackElo "2580"]
[Result "1-0"]
[Round "2"]
[TimeControl "180+2"]
[Date "2023.07.11"]
[WhiteClock "0:00:13"]
[BlackClock "0:00:00"]
[Board "12"]

1. e4 c6 2. d4 d5 3. e5 Bf5 4. Nf3 e6 5. Be2 h6 6. O-O Ne7 7. a4 a5 8. Nbd2 Nd7 9. Nb3 g5 10. Ne1 Bg7 11. f4 Ng6 12. g4 Be4 13. f5 exf5 14. gxf5 Nh4 15. f6 Nxf6 16. exf6 Bxf6 17. Nc5 Qe7 18. Ra3 b6 19. Nxe4 dxe4 20. Rh3 O-O-O 21. c3 Bg7 22. Bg4+ Kb7 23. Ng2 f5 24. Nxh4 fxg4 25. Nf5 Qd7 26. Qxg4 Rde8 27. Ne3 Qc7 28. Bd2 Ka6 29. Nf5 Rhf8 30. Re3 Qd7 31. Rxe4 h5 32. Qe2+ Kb7 33. Nxg7 Rxe4 34. Qxe4 Rxf1+ 35. Kxf1 Qxg7 36. Qf5 g4 37. Qxh5 Qf6+ 38. Kg1 Qf3 39. Qe5 Qd1+ 40. Be1 Qxa4 41. Qe2 Qa1 42. Kg2 a4 43. Kg3 Qb1 44. Bf2 1-0


[Site "https://www.chess.com"]

[Event "Titled Tuesday Blitz July 11 Late 2023"]
[White "Swayams, Mishra"]
[Black "Andreikin, Dmitry"]
[WhiteFideId "5028183"]
[BlackFideId "4158814"]
[WhiteElo "2570"]
[BlackElo "3012"]
[Result "0-1"]
[Round "2"]
[TimeControl "180+2"]
[Date "2023.07.11"]
[WhiteClock "0:00:00"]
[BlackClock "0:00:30"]
[Board "13"]

1. d4 g6 2. c4 Bg7 3. Nc3 d6 4. Nf3 Nf6 5. e4 O-O 6. Be2 e5 7. O-O Nc6 8. d5 Ne7 9. Ne1 a5 10. Be3 Nd7 11. Nd3 f5 12. f3 b6 13. b4 axb4 14. Nxb4 Nc5 15. Nc6 Nxc6 16. dxc6 Be6 17. Nd5 fxe4 18. Bxc5 exf3 19. Bxf3 dxc5 20. Bg4 Rxf1+ 21. Kxf1 Bf7 22. Qe2 Bxd5 23. cxd5 Qxd5 24. Rd1 Qxc6 25. Bf3 Rf8 26. Kg1 Qa4 27. h3 Qf4 28. Rd7 e4 29. Qxe4 Bd4+ 30. Kh1 Qxe4 31. Bxe4 Rf1+ 32. Kh2 Be5+ 33. g3 Rf2+ 34. Kg1 Bxg3 35. Rd3 Bh4 36. Rd8+ Bxd8 37. Kxf2 Kf7 38. Ke3 Bg5+ 39. Kd3 Bf4 40. Kc4 Ke6 41. a4 Bd6 42. Bd5+ Ke5 43. Bg8 h5 44. Bf7 Kf6 45. Be8 Kf5 46. Kd5 Bf8 47. Bf7 Bh6 48. Be8 Bd2 49. Bf7 Ba5 50. Be8 c6+ 51. Bxc6 g5 52. Be8 g4 53. hxg4+ hxg4 54. Bd7+ Kf4 55. Kc4 g3 56. Bc6 Ke3 57. Kb5 Kf2 58. Bd5 g2 59. Bxg2 Kxg2 0-1


[Site "https://www.chess.com"]